 Dungeon Crawl Stone Soup version 0.25.0-41-g26779e291d (webtiles) character file.

Game seed: 312004157101700053

2752 Ijustatesigmund the Cleaver (level 9, -4/65 HPs)
             Began as an Octopode Gladiator on July 10, 2020.
             Was a Follower of Cheibriados.
             Slain by an orc warrior
             ... wielding a +0 short sword
              (15 damage)
             ... on level 8 of the Dungeon.
             The game lasted 00:16:50 (8771 turns).

Ijustatesigmund the Cleaver (Octopode Gladiator)    Turns: 8771, Time: 00:16:52

Health: -4/65      AC:  2    Str: 20    XL:     9   Next: 68%
Magic:  0/11       EV: 18    Int: 16    God:    Cheibriados [*.....]
Gold:   383        SH:  0    Dex: 23    Spells: 8/8 levels left

rFire    . . .     SeeInvis .   a - +1 war axe
rCold    . . .     Gourm    .   (no shield)
rNeg     . . .     Faith    .   b - +1 hat
rPois    .         Spirit   .   (no amulet)
rElec    .         Reflect  .   l - +6 ring of dexterity
rCorr    .         Harm     .   e - ring of protection from magic
MR       +....                  (no ring)
Stlth    ++++++....             (no ring)
HPRegen  0.20/turn              (no ring)
MPRegen  0.12/turn              (no ring)
                                (no ring)
                                (no ring)

@: marked, very slow
A: almost no armour, stealthy swim, amphibious, 8 rings, constrict 8, camouflage
2, clever 1, strong 1, gelatinous body 1, MP-powered wands
a: Bend Time, Renounce Religion


You were on level 8 of the Dungeon.
You worshipped Cheibriados.
Cheibriados was aware of your devotion.
You were not hungry.

You visited 2 branches of the dungeon, and saw 9 of its levels.

You collected 383 gold pieces.

Inventory:

Hand Weapons
 a - a +1 war axe (weapon)
Missiles
 j - 11 poisoned darts (quivered)
Armour
 b - a +1 hat (worn)
Jewellery
 e - a ring of protection from magic (right tentacle)
 l - a +6 ring of dexterity (left tentacle)
Wands
 m - a wand of paralysis (3)
 n - a wand of polymorph (4)
Scrolls
 f - a scroll of fog
 k - a scroll of remove curse
 r - a scroll of amnesia
Potions
 c - a potion of flight
 o - a potion of resistance
 p - a potion of stabbing
 q - 2 potions of mutation
Comestibles
 d - 9 rations


   Skills:
 + Level 7.7 Fighting
 + Level 8.0 Axes
 - Level 2.0 Throwing
 - Level 5.5 Dodging
 - Level 6.3 Stealth
 + Level 3.8 Invocations


You had 8 spell levels left.
You didn't know any spells.
Your spell library contained the following spells:

 Spells                   Type           Power        Failure   Level  Hunger
 Poisonous Vapours        Pois/Air       #.....       36%         2    ###....
 Confusing Touch          Hex            #.......     58%         3    ####...
 Conjure Flame            Conj/Fire      #.......     58%         3    ####...
 Gell's Gravitas          Tloc           #.........   58%         3    ####...
 Mephitic Cloud           Conj/Pois/Air  #.......     58%         3    ####...
 Petrify                  Tmut/Erth      #.......     94%         4    #####..
 Metabolic Englaciation   Hex/Ice        #.........   100%        5    ######.
 Yara's Violent Unravell  Hex/Tmut       #.........   100%        5    ######.
 Freezing Cloud           Conj/Ice/Air   #.........   100%        6    #######
 Ring of Flames           Chrm/Fire      #.........   100%        7    #######


Dungeon Overview and Level Annotations

Branches:
Dungeon (8/15)             Temple (1/1) D:7
   Lair: D:8-11

Altars:
Ashenzari
Cheibriados
Dithmenos
Fedhas
Hepliaklqana
Makhleb
Nemelex Xobeh
Qazlal
Sif Muna
Trog
Vehumet
Xom
Zin
The Shining One
Beogh

Annotations:
D:8 Harold


Innate Abilities, Weirdness & Mutations

You cannot wear most types of armour.
You are very stealthy in the water. (Stealth+)
You are amphibious.
You can wear up to eight rings at the same time.
You can use your tentacles to constrict eight enemies at once.
Your skin blends seamlessly with your surroundings (Stealth++).
Your rubbery body absorbs attacks. (AC +1, EV +1)
Your mind is acute. (Int +2)
Your muscles are strong. (Str +2)
You expend magic power (3 MP) to strengthen your wands.


Message History

Evoke which item? (* to show all) (? for menu, Esc to quit)
Aiming: Paralyse
Press: ? - help, Shift-Dir - straight line, f - orc warrior, p - orc warrior
Aim: an orc warrior, wielding a +0 halberd and wearing a +0 plate armour (chance to defeat MR: 50%)
You feel a surge of power!
The orc warrior suddenly stops moving!
You constrict the orc warrior. The orc hits you.
The orc warrior hits you with a +0 short sword!
* * * LOW HITPOINT WARNING * * *
The orc completely misses you.
Evoke which item? (* to show all) (? for menu, Esc to quit)
Aiming: Paralyse
Press: ? - help, Shift-Dir - straight line, f - orc warrior, p - orc warrior
Aim: an orc warrior, wielding a +0 short sword and wearing a +0 chain mail (lightly wounded, constricted by you, chance to defeat MR: 50%)
You feel a surge of power!
The orc warrior resists with some effort.
You constrict the orc warrior. The orc hits you.
* * * LOW HITPOINT WARNING * * *
The orc misses you.
The orc warrior hits you with a +0 short sword!
You die...

.........O.oo((..#
..#############.o# ##..# .(.
.# .O # ###o#### #._oo..# .
#..o)o.# ... #...@o.# ...
#......# '## #......# ..#
######### ..#... #....# ...#
..#.... #....# ....# ..#.....
#....# #....# ..#..... #....#
#....#
..#.....####....########....#


You could see 2 orc warriors, an ogre and 4 orcs.

Vanquished Creatures
  A hungry ghost (D:7)
  An orc warrior (D:8)
  3 sky beasts
  2 ogres (D:8)
  A phantom (D:6)
  5 centaurs
  A big kobold (D:6)
  A bullfrog (D:8)
  2 scorpions
  A wyvern skeleton (D:6)
  A howler monkey (D:8)
  2 crimson imps
  A centaur zombie (D:5)
  3 jellies
  A bullfrog zombie (D:6)
  Crazy Yiuf (D:7)
  6 hounds
  A centaur skeleton (D:6)
  4 orc priests
  Ijyb (D:3)
  A bullfrog skeleton (D:4)
  3 iguanas
  8 orc wizards
  4 worker ants
  2 hound skeletons
  A gnoll (D:2)
  5 adders
  3 shadow imps
  An ooze (D:7)
  An adder skeleton (D:3)
  A worm (D:2)
  2 dart slugs
  7 leopard geckos
  28 orcs
  9 bats
  8 giant cockroaches
  10 goblins
  7 hobgoblins
  8 jackals
  2 quokkas
  5 frilled lizards
  A jackal skeleton (D:3)
  2 jackal zombies (D:3)
  9 kobolds
  2 leopard gecko skeletons (D:3)
  A leopard gecko zombie (D:3)
  2 quokka skeletons (D:3)
  6 rats
  A fungus (D:7)
179 creatures vanquished.

Vanquished Creatures (others)
  A plant (D:2)
1 creature vanquished.

Grand Total: 180 creatures vanquished

Notes
Turn   | Place    | Note
-------+----------+-------------------------------------------
     0 | D:1      | Ijustatesigmund the Octopode Gladiator began the quest for
                  | the Orb.
     0 | D:1      | Reached XP level 1. HP: 14/14 MP: 1/1
   167 | D:1      | Reached XP level 2. HP: 12/20 MP: 2/2
   902 | D:2      | Reached XP level 3. HP: 23/25 MP: 3/3
   953 | D:2      | Found a faded altar of an unknown god.
  1095 | D:2      | Reached skill level 4 in Axes
  1095 | D:2      | Reached XP level 4. HP: 31/31 MP: 4/4
  1498 | D:2      | Reached XP level 5. HP: 23/37 MP: 5/5
  2046 | D:3      | Found a stormy altar of Qazlal.
  2094 | D:3      | Noticed Ijyb
  2186 | D:3      | Killed Ijyb
  2413 | D:3      | Found a bloodstained altar of Trog.
  2545 | D:3      | Noticed a centaur
  2558 | D:3      | Killed a centaur
  2558 | D:3      | Reached skill level 5 in Axes
  2558 | D:3      | Reached XP level 6. HP: 37/44 MP: 6/6
  3476 | D:4      | Reached skill level 5 in Fighting
  3620 | D:4      | Found a shattered altar of Ashenzari.
  3761 | D:4      | Gained mutation: You expend magic power (3 MP) to
                  | strengthen your wands. [potion of mutation]
  3761 | D:4      | Gained mutation: Your muscles are strong. (Str +2) [potion
                  | of mutation]
  3761 | D:4      | Gained mutation: Your mind is acute. (Int +2) [potion of
                  | mutation]
  3761 | D:4      | Gained mutation: Your skin blends seamlessly with your
                  | surroundings (Stealth++). [potion of mutation]
  3771 | D:4      | Reached skill level 1 in Stealth
  4167 | D:5      | Entered Level 5 of the Dungeon
  4176 | D:5      | Reached XP level 7. HP: 31/50 MP: 7/7
  4542 | D:5      | Found a hazy altar of Hepliaklqana.
  4913 | D:5      | Found a glowing golden altar of the Shining One.
  5268 | D:6      | Reached skill level 5 in Stealth
  5343 | D:6      | Found a glowing silver altar of Zin.
  5343 | D:6      | Noticed an angel
  5344 | D:6      | Found a shimmering altar of Xom.
  5371 | D:6      | Reached skill level 5 in Dodging
  5374 | D:6      | Reached XP level 8. HP: 55/55 MP: 8/8
  5849 | D:6      | Reached skill level 6 in Axes
  6624 | D:7      | Reached skill level 7 in Axes
  6624 | D:7      | Reached XP level 9. HP: 38/63 MP: 9/9
  6820 | D:7      | Found a staircase to the Ecumenical Temple.
  6826 | Temple   | Entered the Ecumenical Temple
  6848 | Temple   | Became a worshipper of Cheibriados the Contemplative
  6933 | D:7      | Found a blossoming altar of Fedhas.
  6980 | D:7      | HP: 3/94 [centaur (9)]
  6983 | D:7      | Reached skill level 1 in Invocations
  7304 | D:7      | Found a radiant altar of Vehumet.
  7906 | D:7      | Found a runed translucent door.
  7907 | D:7      | Noticed Crazy Yiuf
  7913 | D:7      | Killed Crazy Yiuf
  8239 | D:8      | Reached * piety under Cheibriados
  8743 | D:8      | Noticed Harold
  8746 | D:8      | Reached skill level 8 in Axes
  8757 | D:8      | Found a roughly hewn altar of Beogh.
  8771 | D:8      | Slain by an orc warrior

Illustrated notes

Levels and vault maps discovered:
D:1:      ncdulo_wetmaze, layout_basic, minmay_tripent
D:2:      minmay_skewed_foursquare, layout_loops_ring,
          chequers_ecumenical_altar_lobes, minmay_misc_feat_alley
D:3:      layout_basic, overflow_temple_1_default, serial_undead,
          serial_undead_e, serial_undead_a, serial_undead_c, serial_undead_f,
          serial_undead_d, serial_undead_a, serial_undead_e, serial_undead_b,
          serial_undead_e, serial_undead_f, bloody_trog, uniq_ijyb
D:4:      layout_basic, nicolae_overflow_crystal_walls, first_ration
D:5:      layout_loops_corners, kennysheep_mini_moat, kennysheep_mini
D:6:      layout_rooms, grunt_temple_overflow_order_and_chaos_1,
          minmay_unpleasant_kobolds
D:7:      layout_basic, vehumet_crystals, minmay_temple_entry_gardened_gates,
          fedhas_altar_fruit_tree, uniq_crazy_yiuf_cottage
D:8:      layout_gridville, lemuel_crystal_altar, special_room
          [special_room_orc], basic_altar, uniq_harold, uniq_psyche
Temple:   eino_wide_crystal_templ

Skill      XL: |  1  2  3  4  5  6  7  8  9 |
---------------+----------------------------+-----
Fighting       | 3 4 5 6 7 |  7.7
Axes           | 4 5 7 8 |  8.0
Stealth        | 2 5 6 |  6.3
Dodging        | 5 |  5.5
Invocations    | 3 |  3.8
Throwing       | |  2.0

Action                   |  1- 3 |  4- 6 |  7- 9 || total
-------------------------+-------+-------+-------++-------
Melee: War axe           |    56 |   141 |   228 ||   425
       Tentacles         |     6 |    21 |    70 ||    97
       Constrict         |    14 |    35 |    45 ||    94
       Unarmed           |       |     8 |       ||     8
Throw: Throwing net      |       |     4 |       ||     4
       Dart              |       |       |    19 ||    19
Invok: Bend Time         |       |       |     1 ||     1
Evoke: Wand              |       |       |     3 ||     3
  Use: Scroll            |     5 |     6 |    12 ||    23
       Potion            |       |     3 |     8 ||    11
 Stab: Sleeping          |     7 |     8 |    28 ||    43
       Held in net/web   |       |     2 |       ||     2
       Distracted        |       |       |     3 ||     3
  Eat: Chunk             |     1 |     9 |     5 ||    15
       Ration            |       |       |     4 ||     4
Armor: Skin              |     5 |     7 |    19 ||    31
Dodge: Dodged            |    50 |   111 |   174 ||   335
